 Dungeon Crawl Stone Soup version 0.28-a0-1339-ga5422284a4 (webtiles) character file.

Game seed: 6087989786571817407

6 browni3141 the Slasher (level 1, 0/19 HPs)
             Began as a Palentonga Berserker on Dec 28, 2021.
             Was a Follower of Trog.
             Succumbed to a kobold's poison
             ... on level 1 of the Dungeon.
             The game lasted 00:00:21 (116 turns).

browni3141 the Slasher (Palentonga Berserker)        Turns: 116, Time: 00:00:22

Health: 0/19       AC:  4    Str: 20    XL:     1   Next: 75%
Magic:  1/1        EV:  9    Int:  7    God:    Trog [*.....]
Gold:   0          SH:  0    Dex:  9    Spells: 0/0 levels left

rFire   . . .      SeeInvis +   a - +0 falchion
rCold   . . .      Faith    .   (no shield)
rNeg    . . .      Spirit   .   b - +0 animal skin
rPois   .          Reflect  .   (no helmet)
rElec   .          Harm     .   (no cloak)
rCorr   .          Rampage  .   (no gloves)
Will    .....                   (no barding)
Stlth   +.........              (no amulet)
HPRegen 0.06/turn               (no ring)
MPRegen 0.07/turn               (no ring)

@: lethally poisoned (0 -> -9), hasted, very quick
A: large, rugged brown scales 3, see invisible, deformed body, roll 1, armoured
tail
a: Rolling Charge, Renounce Religion, Berserk


You were on level 1 of the Dungeon.
You worshipped Trog.
Trog was aware of your devotion.
You visited 1 branch of the dungeon, and saw 1 of its levels.

Inventory:

Hand Weapons
 a - a +0 falchion (weapon)
Armour
 b - a +0 animal skin (worn)


   Skills:
 - Level 3.0 Fighting
 * Level 3.4 Long Blades
 - Level 1.5 Armour
 - Level 1.5 Dodging


You couldn't memorise any spells.
You didn't know any spells.
Your spell library was empty.

Dungeon Overview and Level Annotations

Branches:
Dungeon (1/15)

Altars:

Shops:
D:1 ?


Innate Abilities, Weirdness & Mutations

You are completely covered in rugged brown scales. (AC +3, +7% HP)
You have supernaturally acute eyesight. (SInv)
Armour fits poorly on your strangely shaped body.
You can roll at nearby foes to attack.
You have a long armoured tail.


Message History

The bat is heavily wounded.
The bat hits you but does no damage.
A bat is nearby!
A bat is nearby!
The bat hits you but does no damage. x3
There's nothing you can charge at!
You hit the bat.
You kill the bat!
Trog accepts your kill.
No target in view!
A kobold comes into view. It is wielding a +2 whip of venom.
Found a book of Necromancy.
A kobold is nearby!
A kobold is nearby!
A kobold is nearby!
You roll forward with a clatter of scales!
You barely miss the kobold. The kobold hits you but does no damage.
You are poisoned.
Unknown command.
You hit the kobold.
The kobold is severely wounded.
You feel very sick. The kobold hits you but does no damage.
You closely miss the kobold.
The kobold is severely wounded.
You feel sick.
The kobold hits you with a +2 whip of venom.
You are lethally poisoned!
You hit the kobold.
You kill the kobold!
Trog accepts your kill.
You feel very sick.
It was a potion of haste.
You feel yourself speed up.
* * * LOW HITPOINT WARNING * * *
You feel very sick.
There is a lethal amount of poison in your body!
There is a lethal amount of poison in your body!
* * * LOW HITPOINT WARNING * * *
You feel sick.
You die...

#≈≈≈≈≈≈≈≈≈≈≈≈≈
#≈≈≈≈≈≈≈≈≈≈≈≈≈ #:#
#≈≈≈≈≈≈≈≈≈≈≈≈≈ ##.#
#≈≈≈≈≈≈≈≈≈≈≈≈≈ #..#
#............. #..#
#.8.⌠⌠⌠(⌠⌠⌠.8.
##..######.............
#........###+###'###+##
#.....@)..#..##.......#
#...#######........##.#
##.## #####.##.##.# #.###
########.##....#
#.#.###..†..##.......#
#....##.....##.####..#
####...........##.......#
#.......##.....#######.##
#.##.#..##.....# #.)...


There were no monsters in sight!

Vanquished Creatures
  A bat (D:1)
  A hobgoblin (D:1)
  A kobold (D:1)
  A ball python (D:1)
  A frilled lizard (D:1)
  A rat (D:1)
6 creatures vanquished.

Notes
Turn   | Place    | Note
-------+----------+-------------------------------------------
     0 | D:1      | browni3141 the Palentonga Berserker began the quest for the
                  | Orb.
     0 | D:1      | Reached XP level 1. HP: 19/19 MP: 1/1
    55 | D:1      | Found Sexis's Magic Scroll Boutique.
   116 | D:1      | Succumbed to a kobold's poison

Illustrated notes

Levels and vault maps discovered:
D:1:      zaba_arrival_water, layout_loops_cross, serial_shops, shop_fountains

Action                   || total
-------------------------++-------
Melee: Falchion          ||    19
 Abil: Rolling Charge    ||     4
  Use: Potion            ||     1
Armor: Animal skin       ||     9
Dodge: Dodged            ||     9

Table legend: (Time is in decaauts)
 A = Elapsed time spent in this place.
 B = Non-inter-level travel time spent in this place.
 C = Inter-level travel time spent in this place.
 D = Time resting spent in this place.
 E = Time spent auto-exploring this place.
 F = Levels seen in this place.
 G = Mean time per level.
                   A        B        C        D        E       F      G
               +--------+--------+--------+--------+--------+-----+--------+
         Total |    124 |    124 |      0 |      0 |     88 |   1 |  124.0 |
       Dungeon |    124 |    124 |      0 |      0 |     88 |   1 |  124.0 |
               +--------+--------+--------+--------+--------+-----+--------+

Top non-repeatable levels by time:
     D:1: 124 daAuts
